 Dungeon Crawl Stone Soup version 0.28-a0-60-g54b5640690 (webtiles) character file.

Game seed: 11036747007946850226

10168 pkoi the Destroyer (level 11, -1/78 HPs)
             Began as a White Draconian Conjurer on July 30, 2021.
             Was a Believer of Sif Muna.
             Succumbed to a cane toad's poison
             ... on level 1 of the Lair of Beasts.
             The game lasted 00:26:27 (14053 turns).

pkoi the Destroyer (White Draconian Conjurer)      Turns: 14053, Time: 00:26:28

Health: -1/78      AC: 12    Str: 11    XL:     11   Next: 32%
Magic:  0/17       EV: 12    Int: 21    God:    Sif Muna [**....]
Gold:   323        SH:  0    Dex:  9    Spells: 5/14 levels left

rFire   . . .      SeeInvis .   m - +0 dagger (speed)
rCold   + . .      Faith    .   (no shield)
rNeg    . . .      Spirit   .   (armour unavailable)
rPois   .          Reflect  .   e - +2 hat
rElec   .          Harm     .   (no cloak)
rCorr   .          Rampage  .   r - +2 pair of gloves
Will    .....                   (no boots)
Stlth   ++........              (no amulet)
HPRegen 0.23/turn               (no ring)
MPRegen 0.15/turn               (no ring)

@: lethally poisoned (-1 -> -16)
A: breathe frost, AC +7, unfitting armour, cold resistance 1, cold-blooded
a: Breathe Frost, Renounce Religion, Channel Magic


You were on level 1 of the Lair of Beasts.
You worshipped Sif Muna.
Sif Muna was pleased with you.
You visited 3 branches of the dungeon, and saw 12 of its levels.

You collected 631 gold pieces.
You spent 308 gold pieces at shops.

Inventory:

Hand Weapons
 c - a +1 dagger
 m - a +0 dagger of speed (weapon)
Missiles
 n - 3 datura-tipped darts
 u - 2 curare-tipped darts
 v - a throwing net
 C - 9 poisoned darts
Armour
 e - a +2 hat (worn)
 r - a +2 pair of gloves (worn)
Jewellery
 b - a +4 ring of evasion
 d - an amulet of magic regeneration
 k - a +4 ring of evasion
Wands
 p - a wand of iceblast (17)
 t - a wand of mindburst (10)
 x - a wand of paralysis (15)
 y - a wand of flame (10)
 A - a wand of polymorph (15)
Scrolls
 a - a scroll of blinking
 h - 5 scrolls of identify
 i - 2 scrolls of magic mapping
 j - 3 scrolls of enchant weapon
 o - a scroll of teleportation
 q - 2 scrolls of amnesia
 s - 3 scrolls of enchant armour
Potions
 f - a potion of ambrosia
 g - 3 potions of curing
 l - a potion of attraction
 w - a potion of heal wounds
 z - a potion of cancellation
 D - a potion of lignification


   Skills:
 + Level 1.5 Fighting
 + Level 2.3 Dodging
 - Level 1.7 Stealth
 + Level 3.7 Unarmed Combat
 - Level 2.0 Spellcasting
 - Level 11.6 Conjurations
 - Level 5.0 Translocations
 + Level 6.1 Transmutations
 + Level 7.4 Ice Magic
 - Level 9.2 Invocations


You had 5 spell levels left.
You knew the following spells:

 Your Spells              Type           Power      Damage    Failure   Level
a - Magic Dart            Conj           100%       1d8       1%          1
b - Searing Ray           Conj           100%       3d7       1%          2
c - Blink                 Tloc           N/A        N/A       2%          2
d - Ice Form              Ice/Tmut       30%        N/A       9%          4

Your spell library contained the following spells:

 Spells                   Type           Power      Damage    Failure   Level
 Frozen Ramparts          Ice            66%        1d8       1%          3
 Sting                    Tmut/Pois      60%        1d6       4%          1
 Ensorcelled Hibernation  Hex/Ice        34%        N/A       4%          2
 Dazzling Flash           Conj/Hex       52%        N/A       4%          3
 Iskenderun's Mystic Bla  Conj/Tloc      37%        2d9       4%          4
 Gell's Gravitas          Tloc           11%        N/A       5%          3
 Lesser Beckoning         Tloc           11%        N/A       5%          3
 Teleport Other           Tloc           23%        N/A       5%          3
 Spider Form              Tmut/Pois      7%         N/A       13%         3
 Fulminant Prism          Conj/Hex       13%        3d9       14%         4
 Portal Projectile        Hex/Tloc       24%        N/A       16%         3
 Summon Ice Beast         Ice/Summ       17%        N/A       32%         4
 Blade Hands              Tmut           13%        N/A       32%         5
 Manifold Assault         Tloc           23%        N/A       45%         5
 Olgreb's Toxic Radiance  Pois           2%         N/A       82%         4
 Excruciating Wounds      Necr           1%         N/A       99%         5
 Dispersal                Tloc           11%        N/A       96%         6
 Ozocubu's Refrigeration  Ice            16%        4d8       99%         7
 Shadow Creatures         Summ           N/A        N/A       100%        6
 Ignition                 Fire           1%         3d3       100%        8


Dungeon Overview and Level Annotations

Branches:
Dungeon (10/15)            Temple (1/1) D:4            Lair (1/6) D:8
    Orc (0/2) D:9

Altars:
Ashenzari
Cheibriados
Dithmenos
Elyvilon
Fedhas
Gozag
Hepliaklqana
Kikubaaqudgha
Makhleb
Nemelex Xobeh
Okawaru
Qazlal
Ru
Sif Muna
Trog
Uskayaw
Vehumet
Wu Jian
Xom
Yredelemnul
Zin
The Shining One

Shops:
D:1 =   D:7 :   D:8 [   D:9 [(

Annotations:
D:4 1 runed translucent door, Crazy Yiuf


Innate Abilities, Weirdness & Mutations

You can breathe waves of freezing cold which knock back foes.
Your icy white scales are hard. (AC +7)
You cannot fit into any form of body armour.
Your flesh is cold resistant. (rC+)
You are cold-blooded and may be slowed by cold attacks.


Message History

The searing ray hits the wolf!
The wolf is almost dead.
The searing ray hits the cane toad!
The cane toad is moderately wounded.
The searing ray hits the basilisk!
The basilisk is severely wounded.
The wolf bites you! The wolf closely misses you.
The searing ray hits the wolf!
You kill the wolf!
Sif Muna accepts your kill.
The searing ray hits the cane toad!
The cane toad is heavily wounded.
The searing ray hits the basilisk!
You kill the basilisk!
Sif Muna accepts your kill.
You finish channeling your searing ray.
Casting: Searing Ray (safe; 1% risk of failure)
Confirm with . or Enter, or press ? or * to list all spells.
Aiming: Searing Ray (safe; 1% risk of failure)
Press: ? - help, Shift-Dir - straight line, f - cane toad
Aim: a cane toad (heavily wounded, 85% to hit)
The searing ray hits the cane toad!
The cane toad is severely wounded. (Press . to maintain the ray.)
The cane toad stings you! x2
* * * LOW HITPOINT WARNING * * *
You are lethally poisoned!
The cane toad poisons you!
The searing ray hits the cane toad!
The cane toad is almost dead.
* * * LOW HITPOINT WARNING * * *
You feel very sick. The cane toad barely misses you.
The searing ray hits the cane toad!
You kill the cane toad!
Sif Muna accepts your kill.
* * * LOW HITPOINT WARNING * * *
You feel very sick.
You finish channeling your searing ray.
You die...

.......###
.........#####
....)........# #
.............####.#
..#.###...........
.#### #........# .#
#.......#### ##
#........#P#### #
#.........@..†# #
#.......#####.## #
#........# #..# #
##......(# #..# #
#......## ##.# #
##...... #..#
..#....## #...
.###...# .....
...#...


There were no monsters in sight!

Vanquished Creatures
  A two-headed ogre (D:9)
  Pikel (D:7)
  Maurice (D:9)
  6 cane toads (Lair:1)
  2 komodo dragons
  2 trolls (D:9)
  A hornet (D:10)
  Prince Ribbit (D:9)
  9 yaks
  A wyvern (D:9)
  A basilisk (Lair:1)
  Menkaure (D:7)
  A water moccasin (Lair:1)
  3 ice beasts
  5 ogres
  6 orc warriors
  2 black bears
  A wolf (Lair:1)
  2 centaurs (D:9)
  2 lemures (D:7)
  2 kobold brigands
  A bullfrog (D:6)
  A scorpion (D:6)
  A wyvern skeleton (D:7)
  5 killer bees (D:7)
  7 wights (D:8)
  3 howler monkeys
  A crimson imp (D:6)
  2 centaur zombies
  2 bullfrog skeletons
  2 hounds
  4 jellies
  3 orc priests
  2 centaur skeletons (D:6)
  2 orc wizards
  Natasha (thrice) (D:4)
  A scorpion zombie (D:5)
  3 howler monkey zombies
  4 gnolls (D:2)
  11 adders
  2 white imps
  2 adder skeletons (D:4)
  2 dart slugs (D:1)
  18 orcs
  2 endoplasms
  3 giant cockroaches
  7 goblins
  10 hobgoblins
  3 iguanas
  5 jackals
  10 kobolds
  5 quokkas
  4 ball pythons
  4 bats
  6 frilled lizards
  5 rats
197 creatures vanquished.

Vanquished Creatures (others)
  4 fungi (Lair:1)
  19 plants
23 creatures vanquished.

Grand Total: 220 creatures vanquished

Notes
Turn   | Place    | Note
-------+----------+-------------------------------------------
     0 | D:1      | pkoi the Draconian Conjurer began the quest for the Orb.
     0 | D:1      | Reached XP level 1. HP: 14/14 MP: 3/3
   312 | D:1      | Reached XP level 2. HP: 20/20 MP: 1/5
   799 | D:1      | Found Mutus's Jewellery Boutique.
   957 | D:1      | Found a faded altar of an unknown god.
   966 | D:1      | Got Plato's Papyrus of Toxins
  1006 | D:1      | Learned a level 2 spell: Searing Ray
  1280 | D:2      | Reached skill level 5 in Conjurations
  1339 | D:2      | Reached XP level 3. HP: 26/26 MP: 4/6
  2244 | D:2      | Reached XP level 4. HP: 33/33 MP: 2/7
  2561 | D:3      | Reached skill level 6 in Conjurations
  2893 | D:3      | Reached XP level 5. HP: 38/38 MP: 6/8
  3330 | D:4      | Found a runed translucent door.
  3331 | D:4      | Noticed Crazy Yiuf
  3477 | D:4      | Reached skill level 7 in Conjurations
  3519 | D:4      | Found a shimmering altar of Xom.
  3743 | D:4      | Found a staircase to the Ecumenical Temple.
  3746 | D:4      | Reached XP level 6. HP: 45/45 MP: 7/9
  3756 | Temple   | Entered the Ecumenical Temple
  3965 | Temple   | Became a worshipper of Sif Muna the Loreminder
  4009 | D:4      | Noticed Natasha
  4013 | D:4      | Killed Natasha
  4212 | D:4      | Noticed Natasha
  4215 | D:4      | Killed Natasha
  4216 | D:4      | Reached skill level 8 in Conjurations
  4258 | D:4      | Noticed Natasha
  4269 | D:4      | Killed Natasha
  4641 | D:4      | Your scales start taking on an icy white colour.
  4641 | D:4      | Reached XP level 7. HP: 50/50 MP: 4/10
  4641 | D:4      | Gained mutation: Your flesh is cold resistant. (rC+) [White
                  | Draconian growth]
  4910 | D:5      | Entered Level 5 of the Dungeon
  4975 | D:5      | Found a snail-covered altar of Cheibriados.
  4983 | D:5      | Reached skill level 9 in Conjurations
  5257 | D:5      | Found a radiant altar of Vehumet.
  5274 | D:5      | Reached * piety under Sif Muna
  5578 | D:5      | Found an iron altar of Okawaru.
  6067 | D:6      | Reached skill level 1 in Invocations
  6188 | D:6      | Reached skill level 10 in Conjurations
  6188 | D:6      | Reached XP level 8. HP: 57/57 MP: 7/11
  6877 | D:6      | Found a burning altar of Makhleb.
  7478 | D:7      | Found a blossoming altar of Fedhas.
  7497 | D:7      | Reached skill level 5 in Invocations
  7788 | D:7      | Reached skill level 11 in Conjurations
  7840 | D:7      | Learned a level 2 spell: Blink
  7897 | D:7      | Reached XP level 9. HP: 62/62 MP: 7/13
  7965 | D:7      | Noticed Pikel
  7995 | D:7      | Killed Pikel
  8097 | D:7      | Found a shadowy altar of Dithmenos.
  8485 | D:7      | Noticed Menkaure
  8488 | D:7      | Killed Menkaure
  8823 | D:7      | Found Gaba's Book Boutique.
  8826 | D:7      | Bought a book of Rime for 308 gold pieces
  8831 | D:7      | Learned a level 4 spell: Ice Form
  9200 | D:8      | Reached skill level 1 in Translocations
  9200 | D:8      | Reached skill level 1 in Transmutations
  9200 | D:8      | Reached skill level 1 in Ice Magic
  9501 | D:8      | Found a white marble altar of Elyvilon.
 10128 | D:8      | Reached XP level 10. HP: 69/69 MP: 1/16
 10329 | D:8      | Found Jeri's Armour Shop.
 10339 | D:8      | Found a staircase to the Lair.
 10891 | D:9      | Found a shimmering altar of Xom.
 11028 | D:9      | Found a staircase to the Orcish Mines.
 11028 | D:9      | Found Ori Roet's Weapon Shop.
 11028 | D:9      | Found Kuxyarph's Armour Shop.
 11046 | D:9      | Reached ** piety under Sif Muna
 11160 | D:9      | Noticed Prince Ribbit
 11168 | D:9      | Killed Prince Ribbit
 11252 | D:9      | Noticed a two-headed ogre
 11264 | D:9      | Killed a two-headed ogre
 11265 | D:9      | Reached skill level 5 in Ice Magic
 11436 | D:9      | Found a hide-covered altar of Uskayaw.
 11646 | D:9      | Noticed Maurice
 11656 | D:9      | Killed Maurice
 11753 | D:9      | Reached skill level 1 in Unarmed Combat
 12319 | D:10     | Entered Level 10 of the Dungeon
 12365 | D:10     | Reached skill level 5 in Translocations
 12365 | D:10     | Reached skill level 5 in Transmutations
 12574 | Lair:1   | Entered Level 1 of the Lair of Beasts
 12574 | Lair:1   | Noticed a cane toad
 12587 | Lair:1   | Killed a cane toad
 12848 | D:8      | Reached XP level 11. HP: 42/74 MP: 12/17
 14048 | Lair:1   | Reached skill level 1 in Fighting
 14052 | Lair:1   | HP: 3/77 [poisoned by a cane toad]
 14053 | Lair:1   | Succumbed to a cane toad's poison

Illustrated notes

Levels and vault maps discovered:
D:1:      dpeg_arrival_tiny_a, layout_loops_ring,
          shapermc_ecumenical_altar_rom_forum, serial_shops,
          nicolae_shop_behind_doors, st_stairs_3
D:2:      layout_basic
D:3:      layout_rooms
D:4:      layout_gridville, dk_xom_monty_hall, minmay_temple_entry_butterflies,
          nicolae_ossuary_entry_false_entrances, minmay_misc_feat_chi,
          uniq_crazy_yiuf_cottage, uniq_natasha
D:5:      layout_rooms, mainiacjoe_overflow_brackets,
          mainiacjoe_overflow_boulevard, mainiacjoe_overflow_cross_hatched
D:6:      layout_basic, makhleb_grotto_becter
D:7:      layout_loops_ring, mainiacjoe_overflow_catwalk_spiral, serial_shops,
          nicolae_shop_behind_doors, uniq_pikel, uniq_menkaure
D:8:      layout_basic, marbit_many_paths, david_lair_shrubbed, serial_shops,
          shop
D:9:      layout_basic, orc_david_3, hangedman_feature_mirror,
          minmay_misc_feat_iff, uniq_maurice, uniq_prince_ribbit1
D:10:     layout_long_grid, hangedman_abyss_or_decor_stagger, uniq_joseph
Temple:   eino_temple_water
Lair:1:   layout_cave_shapes, nicolae_volcano_entry_two_sided,
          beast_lair_carwin_6

Skill      XL: |  1  2  3  4  5  6  7  8  9 10 11 |
---------------+----------------------------------+-----
Conjurations   | 5 6 7 8 10 11 | 11.6
Invocations    | 1 5 8 9 |  9.2
Translocations | 2 5 |  5.0
Transmutations | 2 5 6 |  6.1
Ice Magic      | 3 6 7 |  7.4
Unarmed Combat | 2 3 |  3.7
Fighting       | 1 |  1.5
Dodging        | 2 |  2.3
Stealth        | |  1.7
Spellcasting   | |  2.0

Action                   |  1- 3 |  4- 6 |  7- 9 | 10-12 || total
-------------------------+-------+-------+-------+-------++-------
Melee: Unarmed           |    18 |       |       |    17 ||    35
       Dagger            |    17 |    43 |    41 |    66 ||   167
       Tailslap          |     1 |     2 |     4 |     8 ||    15
 Cast: Magic Dart        |    60 |    59 |    29 |     6 ||   154
       Searing Ray       |     2 |    12 |    55 |    40 ||   109
       Ice Form          |       |       |       |     1 ||     1
Invok: Channel Magic     |       |       |       |     2 ||     2
 Abil: Breathe Frost     |       |       |     1 |     3 ||     4
  Use: Scroll            |     5 |     2 |     7 |     5 ||    19
       Potion            |       |       |     3 |       ||     3
 Stab: Sleeping          |       |     1 |       |       ||     1
Armor: Skin              |    14 |    11 |    37 |    46 ||   108
Dodge: Dodged            |    19 |    31 |    58 |    71 ||   179

Table legend: (Time is in decaauts)
 A = Elapsed time spent in this place.
 B = Non-inter-level travel time spent in this place.
 C = Inter-level travel time spent in this place.
 D = Time resting spent in this place.
 E = Time spent auto-exploring this place.
 F = Levels seen in this place.
 G = Mean time per level.
                   A        B        C        D        E       F      G
               +--------+--------+--------+--------+--------+-----+--------+
         Total |  14025 |  13467 |    558 |   3846 |   7837 |  12 | 1168.8 |
       Dungeon |  12624 |  12082 |    542 |   3019 |   7477 |  10 | 1262.4 |
        Temple |    224 |    208 |     16 |      0 |    177 |   1 |  224.0 |
          Lair |   1176 |   1176 |      0 |    827 |    183 |   1 | 1176.0 |
               +--------+--------+--------+--------+--------+-----+--------+

Top non-repeatable levels by time:
     D:8: 2033 daAuts
     D:7: 1709 daAuts
     D:9: 1645 daAuts
     D:4: 1542 daAuts
     D:6: 1341 daAuts
     D:1: 1269 daAuts
     D:2: 1211 daAuts
  Lair:1: 1176 daAuts
     D:5: 992 daAuts
     D:3: 809 daAuts
  Temple: 224 daAuts
    D:10: 68 daAuts
